 Dungeon Crawl Stone Soup version 0.21.1-1-g345015f (webtiles) character file.

169 halftheisland the Skirmisher (level 5, -1/85 HPs)
             Began as an Ogre Berserker on Feb 11, 2018.
             Was a Believer of Trog.
             Slain by an orc
             ... wielding a +0 club
              (3 damage)
             ... on level 3 of the Dungeon.
             The game lasted 00:08:26 (2789 turns).

halftheisland the Skirmisher (Ogre Berserker)       Turns: 2789, Time: 00:08:27

Health: -1/85      AC:  5    Str: 26    XL:     5   Next: 50%
Magic:  5/5        EV:  7    Int:  8    God:    Trog [**....]
Gold:   160        SH:  7    Dex: 11    Spells: 4/4 levels left

rFire    . . .     SeeInvis .   a - +0 mace
rCold    . . .     Gourm    .   k - +0 shield
rNeg     . . .     Faith    .   b - +0 animal skin
rPois    .         Spirit   .   (helmet restricted)
rElec    .         Reflect  .   (no cloak)
rCorr    .         Harm     .   (gloves unavailable)
MR       .....                  (boots unavailable)
Stlth    ..........             (no amulet)
HPRegen  0.24/turn              (no ring)
MPRegen  0.09/turn              (no ring)

@: berserking, drained, very quick
A: large, unfitting armour, thin metallic scales 1, agile 1, tough skin 1
a: Berserk, Trog's Hand, Burn Spellbooks, Renounce Religion


You were on level 3 of the Dungeon.
You worshipped Trog.
Trog was pleased with you.
You were not hungry.

You visited 1 branch of the dungeon, and saw 3 of its levels.

You collected 160 gold pieces.

Inventory:

Hand Weapons
 a - a +0 mace (weapon)
 d - a +0 spear
 h - a +3 dagger of venom
 j - a cursed -1 dagger (quivered)
 n - a +2 dagger of draining
Missiles
 l - 24 poisoned needles
Armour
 b - a +0 animal skin (worn)
 k - a +0 shield (worn)
Jewellery
 m - an uncursed ring of protection from cold {unknown}
Scrolls
 e - a scroll of remove curse
 f - a scroll of amnesia
 g - a scroll of identify {unknown}
Potions
 i - 2 potions of curing
Comestibles
 c - 6 rations


   Skills:
 + Level 5.0(4.2) Fighting
 + Level 4.3(3.5) Maces & Flails
 + Level 3.5(2.7) Dodging
 + Level 0.1(0.0) Stealth
 + Level 0.2(0.0) Shields


You had 4 spell levels left.
You didn't know any spells.

Dungeon Overview and Level Annotations

Branches:
Dungeon (3/15)

Altars:
Sif Muna


Innate Abilities, Weirdness & Mutations

You are too large for most types of armour.
You have tough skin. (AC +1)
You are partially covered in thin metallic scales. (AC +2)
You are agile. (Dex +2)


Message History

You block the orc's attack.
The hobgoblin hits you but does no damage.
You thump the hobgoblin!
You kill the hobgoblin!
Trog accepts your kill.
The orc wizard gestures wildly while chanting.
The orc wizard blinks!
The orc hits you from afar with a trident.
* * * LOW HITPOINT WARNING * * *
The orc priest miscasts a cantrip.
Things that are here:
a club; a rat corpse You sock the orc!
You kill the orc!
Trog accepts your kill.
The orc priest mumbles some strange prayers to Beogh against you.
Beogh smites you!
* * * LOW HITPOINT WARNING * * *
You hit the orc but do no damage. The orc hits you with a club.
You die...

#........#
#........############
#>...........##.....#
#....................
#....................
##########...............
....... #...............
..o....###...............
o.....oo@................
.....§o###...............
....... ##..............
####.## #......##......
#. #.............. #
####...##...##. ..#
#...#.##...### ..
##.###.##...#
#.###...........#


You could see 2 orc priests, an orc wizard and an orc.

Vanquished Creatures
  2 orc wizards (D:3)
  2 adders (D:2)
  2 oozes (D:1)
  2 worms
  3 dart slugs (D:1)
  3 leopard geckos (D:2)
  6 orcs (D:3)
  8 bats
  5 giant cockroaches
  6 goblins
  7 hobgoblins
  5 kobolds
  A quokka (D:2)
  6 frilled lizards
  7 rats
65 creatures vanquished.

Notes
Turn   | Place    | Note
-------+----------+-------------------------------------------
     0 | D:1      | halftheisland the Ogre Berserker began the quest for the Orb.
     0 | D:1      | Reached XP level 1. HP: 24/24 MP: 1/1
   116 | D:1      | Reached XP level 2. HP: 32/32 MP: 2/2
   703 | D:1      | Reached XP level 3. HP: 31/40 MP: 3/3
   804 | D:1      | Reached ** piety under Trog
  1134 | D:2      | Reached XP level 4. HP: 35/49 MP: 4/4
  1147 | D:2      | Gained mutation: You are agile. (Dex +2) [potion of mutation]
  1147 | D:2      | Gained mutation: You evolve. [potion of mutation]
  1475 | D:2      | Gained mutation: You are partially covered in thin metallic scales. (AC +2) [evolution]
  1475 | D:2      | Lost mutation: You evolve. [end of evolution]
  2239 | D:3      | Reached XP level 5. HP: 28/55 MP: 5/5
  2244 | D:3      | Reached skill level 5 in Fighting
  2717 | D:3      | Found a deep blue altar of Sif Muna.
  2788 | D:3      | HP: 1/85 [orc priest/divine providence (17)]
  2789 | D:3      | Slain by an orc

Skill      XL: |  1  2  3  4  5 |
---------------+----------------+-----
Dodging        | 3 |  3.5
Maces & Flails | 3 4 |  4.3
Fighting       | 5 |  5.0
Stealth        | |  0.1
Shields        | |  0.2

Action                   |  1- 3 |  4- 6 || total
-------------------------+-------+-------++-------
Melee: Mace              |   108 |    91 ||   199
Invok: Berserk           |     1 |     2 ||     3
  Use: Scroll            |       |     4 ||     4
       Potion            |       |     4 ||     4
  Eat: Ration            |     1 |     2 ||     3
Armor: Animal skin       |    44 |    30 ||    74
Dodge: Dodged            |    73 |    51 ||   124
Block: Shield            |       |    18 ||    18
